 Dungeon Crawl Stone Soup version 0.32-a0-656-g3542139ebd (webtiles) character file.

Game seed: 1315822580431006341

16089 CougarLife the Destroyer (level 12, -1/59 HPs)
             Began as a Gargoyle Earth Elementalist on Mar 8, 2024.
             Was an Elder of Vehumet.
             Slain by a death knight
             ... wielding a +0 battleaxe
              (6 damage)
             ... on level 14 of the Dungeon.
             The game lasted 00:21:57 (12075 turns).

CougarLife the Destroyer (GrEE)                    Turns: 12075, Time: 00:21:57

Health: -1/59      AC: 18    Str: 19    XL:     12   Next: 33%
Magic:  9/26       EV: 11    Int: 28    God:    Vehumet [****..]
Gold:   1190       SH:  0    Dex: 10    Spells: 22/32 levels left

rFire   . . .        c - +0 dagger
rCold   . . .        (no shield)
rNeg    + . .        C - +2 robe {Will+}
rPois   ∞            H - +0 helmet
rElec   +            u - +0 cloak
rCorr   .            (no gloves)
SInv    .            (no boots)
Will    +....        q - amulet of the acrobat
Stlth   ++           i - +4 ring of protection
HPRegen 0.29/turn    f - ring of Vyciduk {Str+6 Int+8}
MPRegen 0.20/turn

%: acrobat
@: very slightly contaminated
A: sickness immunity, AC +8, negative energy resistance 1, electricity
resistance, torment resistance 1, petrification resistance
a: Renounce Religion


You were on level 14 of the Dungeon.
You worshipped Vehumet.
Vehumet was greatly pleased with you.
You visited 2 branches of the dungeon, and saw 13 of its levels.
You also visited: Bailey.

You collected 1286 gold pieces.
You spent 96 gold pieces at shops.

Inventory:

Hand Weapons
 c - a +0 dagger (weapon)
Armour
 u - a +0 cloak (worn)
 C - a +2 robe of willpower (worn)
 H - a +0 helmet (worn)
Jewellery
 f - the ring of Vyciduk (right hand) {Str+6 Int+8}
   (You acquired it on level 8 of the Dungeon)

   [ring of strength]

   Str+6:     It affects your strength (+6).
   Int+8:     It affects your intelligence (+8).
 g - a ring of protection from cold
 i - a +4 ring of protection (left hand)
 q - an amulet of the acrobat (around neck)
Wands
 p - a wand of iceblast (23)
 J - a wand of quicksilver (4)
Scrolls
 k - 2 scrolls of summoning
 o - a scroll of enchant armour
 t - a scroll of blinking
 v - 7 scrolls of teleportation
 w - a scroll of amnesia
 x - 5 scrolls of noise
 y - 4 scrolls of poison
 A - a scroll of enchant weapon
 B - a scroll of immolation {unknown}
 E - 2 scrolls of torment
 I - a scroll of fear {unknown}
Potions
 a - a potion of berserk rage {unknown}
 b - 2 potions of magic
 d - 3 potions of resistance {unknown}
 e - a potion of attraction {unknown}
 h - 7 potions of haste {unknown}
 j - a potion of degeneration {unknown}
 l - a potion of experience {unknown}
 m - 3 potions of heal wounds
 n - 2 potions of might {unknown}
 r - 5 potions of curing
 s - 7 potions of mutation {unknown}
 z - a potion of lignification {unknown}
 D - 3 potions of invisibility {unknown}
 F - 2 potions of cancellation {unknown}
 K - 2 potions of brilliance {unknown}


   Skills:
 - Level 1.5 Dodging
 - Level 2.1 Stealth
 + Level 10.9 Spellcasting
 + Level 12.4 Conjurations
 - Level 5.6 Fire Magic
 + Level 12.3 Earth Magic


You had 22 spell levels left.
You knew the following spells:

 Your Spells              Type           Power      Damage    Failure   Level
a - Sandblast             Erth           100%       2d20      0%          1
b - Stone Arrow           Conj/Erth      100%       3d13      1%          3
c - Starburst             Conj/Fire      30%        6d9       4%          6

Your spell library contained the following spells:

 Spells                   Type           Power      Damage    Failure   Level
 Iskenderun's Battlesphe  Conj           71%        2d12      1%          5
 Freeze                   Ice            60%        1d7       1%          1
 Momentum Strike          Conj/Tloc      100%       3d10      1%          2
 Dazzling Flash           Conj/Hex       100%       N/A       1%          3
 Hailstorm                Conj/Ice       50%        3d10      1%          3
 Mephitic Cloud           Conj/Alch/Air  38%        N/A       1%          3
 Passwall                 Erth           71%        N/A       1%          3
 Volatile Blastmotes      Fire/Tloc      62%        2d15      1%          3
 Brom's Barrelling Bould  Conj/Erth      71%        2d8       1%          4
 Petrify                  Alch/Erth      49%        N/A       2%          4
 Irradiate                Conj/Alch      25%        3d20      2%          5
 Apportation              Tloc           30%        N/A       3%          1
 Summon Small Mammal      Summ           60%        N/A       3%          1
 Frozen Ramparts          Ice            30%        1d5       3%          3
 Blink                    Tloc           30%        N/A       5%          2
 Jinxbite                 Hex            30%        N/A       5%          2
 Lesser Beckoning         Tloc           30%        N/A       5%          2
 Call Canine Familiar     Summ           15%        N/A       11%         3
 Summon Blazeheart Golem  Fire/Summ      31%        N/A       12%         4
 Alistair's Intoxication  Alch           10%        N/A       71%         5
 Curse of Agony           Necr           15%        N/A       71%         5
 Silence                  Hex/Air        7%         N/A       71%         5
 Summon Forest            Summ/Tloc      7%         N/A       71%         5
 Summon Mana Viper        Hex/Summ       15%        N/A       71%         5
 Summon Cactus Giant      Summ           7%         N/A       99%         6
 Maxwell's Capacitive Co  Air            7%         ∞         100%        8
 Sublimation of Blood     Necr           Unusable   N/A       N/A         2

Dungeon Overview and Level Annotations

Branches:
Dungeon (11/15)            Temple (1/1) D:4            Lair (0/5) D:9
    Orc (0/2) D:11         Bailey (visited)

Altars:
Ashenzari
Cheibriados
Dithmenos
Elyvilon
Fedhas
Gozag
Hepliaklqana
Kikubaaqudgha
Makhleb
Nemelex Xobeh
Okawaru
Qazlal
Ru
Sif Muna
Trog
Uskayaw
Vehumet
Wu Jian
Xom
Yredelemnul
Zin
The Shining One

Shops:
D:6 *   D:8 *

Annotations:
D:8 2 transporters
D:9 2 transporters, zewo's ghost, journeyman DrNe


Innate Abilities, Weirdness & Mutations

You are immune to sickness and miasma.
Your stone body is resilient. (AC +8)
You are immune to poison.
You resist negative energy. (rN+)
You are resistant to electric shocks. (rElec)
You are resistant to unholy torment.
You are immune to petrification.


Message History

The boulder beetle stops rolling and uncurls.
Casting: Stone Arrow (safe; 1% risk of failure)
Confirm with . or Enter, or press ? or * to list all spells.
Aiming: Stone Arrow (safe; 1% risk of failure)
Press: ? - help, Shift-Dir - straight line, f/p - boulder beetle
Aim: a boulder beetle (moderately wounded, 100% to hit)
The stone arrow hits the boulder beetle!!
The boulder beetle is heavily wounded.
The boulder beetle barely misses you.
Casting: Stone Arrow (safe; 1% risk of failure)
Confirm with . or Enter, or press ? or * to list all spells.
Aiming: Stone Arrow (safe; 1% risk of failure)
Press: ? - help, Shift-Dir - straight line, f/p - boulder beetle
Aim: a boulder beetle (heavily wounded, 100% to hit)
The stone arrow hits the boulder beetle!
The boulder beetle is severely wounded.
The boulder beetle bites you. Magic courses through your body.
The death knight's dark mirror aura disappears.
The boulder beetle bites you!
* * * LOW HITPOINT WARNING * * *
Casting: Stone Arrow (safe; 1% risk of failure)
Confirm with . or Enter, or press ? or * to list all spells.
Casting: Starburst (quite dangerous; 4% risk of failure)
Press: ? - help, Dir - look around, f - activate The bolt of fire hits the boulder beetle!!
The boulder beetle is almost dead.
The bolt of fire hits the death knight!!
The death knight is moderately wounded.
The boulder beetle leaps!
Casting: Starburst (quite dangerous; 4% risk of failure)
Confirm with . or Enter, or press ? or * to list all spells.
Casting: Starburst (quite dangerous; 4% risk of failure)
Press: ? - help, Dir - look around, f - activate You miscast Starburst.
You are very lightly contaminated with residual magic.
Fire whirls out from your hands!
* * * LOW HITPOINT WARNING * * *
The death knight hits you with a +0 battleaxe.
You die...

#####..#.....###...#.# B... #
#..#.........$.#.######..... #
#..#...........#†.......<..# #
#..#...........#...°..)....# #
#..#...........#..°........# #
#..#...........#.°..........
#####..#...........#○...........
.......######'######............
................@p........[.....
#########...................>###
#....................#
#....####...B....... #....#
#......##### ###### #.###### #.#
###


You could see a death knight and a boulder beetle.

Vanquished Creatures
  Erolcha (D:10)
  A centaur warrior (D:11)
  A two-headed ogre (D:11)
  Lodul (D:10)
  A harpy (shapeshifter) (D:14)
  Pikel (D:4)
  2 manticores
  A gargoyle (D:11)
  A kobold demonologist (D:10)
  An efreet (D:14)
  A komodo dragon (D:11)
  4 trolls
  Psyche (D:9)
  2 hornets (D:9)
  Grinder (D:6)
  19 yaks
  3 wraiths
  A wyvern (D:9)
  Eustachio (D:4)
  3 steam dragons
  A human (D:10)
  2 wargs
  An acid dragon (D:10)
  A sky beast (D:7)
  3 water moccasins
  An orc warrior (Bailey)
  Duvessa (D:4)
  A black bear (D:9)
  2 ice beasts
  2 centaurs
  6 ogres (D:10)
  3 kobold brigands
  Blork the orc (D:5)
  12 bullfrogs
  A gnoll sergeant (D:10)
  2 scorpions (D:6)
  3 wights (D:7)
  Dowan (D:4)
  17 killer bees
  An electric eel (D:6)
  3 howler monkeys
  A jelly (D:6)
  3 bombardier beetles
  A gnoll bouda (D:10)
  6 orc priests
  2 hounds (D:5)
  A sleepcap (D:7)
  An iguana (D:5)
  13 orc wizards
  12 adders
  16 gnolls
  2 shadow imps (D:6)
  2 white imps
  2 ufetubi (D:6)
  A dart slug (D:5)
  2 ribbon worms
  46 orcs
  4 bats
  2 endoplasms
  2 giant cockroaches
  5 goblins
  A hobgoblin (D:4)
  18 kobolds
  4 quokkas
  5 ball pythons
  2 frilled lizards
  6 rats
272 creatures vanquished.

Notes
Turn   | Place    | Note
-------+----------+-------------------------------------------
     0 | D:1      | CougarLife the Gargoyle Earth Elementalist began the quest
                  | for the Orb.
     0 | D:1      | Reached XP level 1. HP: 10/10 MP: 3/3
   209 | D:1      | Reached XP level 2. HP: 6/15 MP: 1/5
  1377 | D:3      | Found a faded altar of an unknown god.
  1670 | D:3      | Reached XP level 3. HP: 19/19 MP: 4/6
  1674 | D:3      | Learned a level 3 spell: Stone Arrow
  2297 | D:3      | Noticed a kobold brigand
  2315 | D:3      | Killed a kobold brigand
  2316 | D:3      | Reached XP level 4. HP: 12/24 MP: 0/8
  2527 | D:4      | Found an ancient bone altar of Kikubaaqudgha.
  2577 | D:4      | Noticed an ice beast
  2600 | D:4      | Killed an ice beast
  2601 | D:4      | Reached skill level 5 in Earth Magic
  2601 | D:4      | Reached XP level 5. HP: 18/28 MP: 4/10
  2682 | D:4      | Reached XP level 6. HP: 32/32 MP: 5/11
  2759 | D:4      | Noticed Duvessa
  2802 | D:4      | Killed Duvessa
  2974 | D:4      | Noticed Dowan
  2978 | D:4      | Killed Dowan
  2983 | D:4      | Identified the +0 ring mail of Supple Strength {Str+5}
  3091 | D:4      | Noticed a water moccasin
  3098 | D:4      | Killed a water moccasin
  3099 | D:4      | Reached XP level 7. HP: 27/36 MP: 7/13
  3336 | D:4      | Found a white marble altar of Elyvilon.
  3360 | D:4      | Noticed Pikel
  3374 | D:4      | Killed Pikel
  3375 | D:4      | Reached skill level 5 in Spellcasting
  3375 | D:4      | Reached skill level 5 in Conjurations
  3375 | D:4      | Reached XP level 8. HP: 33/41 MP: 4/15
  3467 | D:4      | Found a staircase to the Ecumenical Temple.
  3497 | D:4      | Noticed Eustachio
  3504 | D:4      | Killed Eustachio
  3668 | D:5      | Entered Level 5 of the Dungeon
  3924 | D:5      | Noticed Blork the orc
  3937 | D:5      | Killed Blork the orc
  4609 | D:6      | Reached XP level 9. HP: 28/45 MP: 8/18
  4892 | D:6      | Noticed Grinder
  4905 | D:6      | Killed Grinder
  5101 | D:6      | Found Xulout's Serpentskin Sales.
  5234 | D:6      | Found a sparkling altar of Nemelex Xobeh.
  5279 | D:6      | Found a bloodstained altar of Trog.
  5303 | D:6      | Noticed a manticore
  5309 | D:6      | Killed a manticore
  5546 | Temple   | Entered the Ecumenical Temple
  5556 | Temple   | Became a worshipper of Vehumet
  6234 | D:7      | Reached skill level 10 in Earth Magic
  6544 | D:7      | Reached XP level 10. HP: 50/50 MP: 19/21
  6811 | D:8      | Found a flagged portal.
  6813 | D:8      | Found Qaesahya's Assorted Antiques.
  6830 | D:8      | Bought a scroll of identify for 48 gold pieces
  6830 | D:8      | Bought a scroll of identify for 48 gold pieces
  6895 | Bailey   | Entered a bailey
  6928 | Bailey   | Reached * piety under Vehumet
  6928 | Bailey   | Offered knowledge of Magic Dart by Vehumet.
  7235 | D:8      | Acquired the ring of Vyciduk {Str+6 Int+8}
  7271 | D:8      | Reached skill level 1 in Fire Magic
  7364 | D:8      | Offered knowledge of Kiss of Death by Vehumet.
  7375 | D:8      | Found a transporter.
  7396 | D:8      | Found a transporter.
  7516 | D:8      | Reached ** piety under Vehumet
  8012 | D:9      | Found a transporter.
  8016 | D:9      | Noticed zewo's ghost (journeyman DrNe)
  8027 | D:9      | Reached skill level 10 in Conjurations
  8137 | D:9      | Found a transporter.
  8269 | D:9      | Noticed Psyche
  8274 | D:9      | Killed Psyche
  8406 | D:9      | Reached XP level 11. HP: 38/54 MP: 16/24
  8577 | D:9      | Found a staircase to the Lair.
  8623 | D:9      | Offered knowledge of Inner Flame by Vehumet.
  8989 | D:10     | Entered Level 10 of the Dungeon
  9309 | D:10     | Reached skill level 5 in Fire Magic
  9422 | D:10     | Reached *** piety under Vehumet
  9458 | D:10     | Noticed Erolcha
  9463 | D:10     | Killed Erolcha
  9583 | D:10     | Learned a level 6 spell: Starburst
  9970 | D:10     | Noticed Lodul
  9974 | D:10     | Killed Lodul
  9978 | D:10     | Reached skill level 10 in Spellcasting
 10141 | D:10     | Offered knowledge of Fulminant Prism by Vehumet.
 10640 | D:11     | Found a staircase to the Orcish Mines.
 10657 | D:11     | Noticed a two-headed ogre
 10657 | D:11     | Identified the +7 dagger "Acegg" {freeze, rElec rC+++ rN+
                  | Dex-2}
 10662 | D:11     | Killed a two-headed ogre
 10962 | D:11     | Noticed a centaur warrior
 11088 | D:11     | Reached XP level 12. HP: 45/59 MP: 14/26
 11253 | D:11     | Killed a centaur warrior
 11253 | D:11     | Reached **** piety under Vehumet
 11812 | D:11     | Offered knowledge of Iskenderun's Battlesphere by Vehumet.
 11930 | D:11     | You fall into a shaft and drop 3 floors!
 12050 | D:14     | Noticed a boulder beetle
 12056 | D:14     | Noticed a death knight
 12075 | D:14     | Slain by a death knight

Illustrated notes

Levels and vault maps discovered:
D:1:      dpeg_arrival_more_subterranean_lakeside_camping, layout_rooms,
          minmay_gold_behind_fungi, lexackson_kobold_supper
D:2:      layout_loops_cross, minmay_stone_trees_small, nicolae_titane
D:3:      layout_loops_corners, chequers_ecumenical_altar_simple_redux,
          minmay_fractal_squares_gapless_5
D:4:      cheibrodos_old_hovel, layout_basic, kiku_gazebo_pond_becter,
          elyvilon_altar_3, temple_statues, nicolae_half_adder, uniq_duvessa,
          uniq_eustachio, uniq_pikel
D:5:      layout_cave_pools, uniq_blork_the_orc
D:6:      layout_rooms, lemuel_round_altar, overflow_temple_1_default,
          nicolae_lava_and_water, chequers_garden, guppyfry_shop_venom,
          uniq_grinder
D:7:      layout_basic
D:8:      layout_rooms, enter_bailey_2, serial_shops, nicolae_stop_n_shop_2,
          nicolae_diode_stairs
D:9:      layout_loops_cross, due_lair_maze_entry_diamond,
          gammafunk_ghost_stat_death, st_stairs_5, minmay_misc_feat_room,
          hangedman_decor_lopped, uniq_psyche
D:10:     layout_basic, st_stairs_5, uniq_erolcha, uniq_lodul
D:11:     layout_loops_cross, erik_orc_4
D:14:     nicolae_hexawheel, layout_irregular_city, infiniplex_staircase_diamond
Temple:   dpeg_three_leaves_temple

Skill      XL: |  1  2  3  4  5  6  7  8  9 10 11 12 |
---------------+-------------------------------------+-----
Earth Magic    | 4 5 6 7 8 10 11 12 | 12.3
Conjurations   | 2 3 4 5 7 8 10 11 12 | 12.4
Spellcasting   | 3 4 5 6 7 9 10 | 10.9
Fire Magic     | 4 5 |  5.6
Dodging        | |  1.5
Stealth        | |  2.1

Action                     |  1- 3 |  4- 6 |  7- 9 | 10-12 || total
---------------------------+-------+-------+-------+-------++-------
  Melee: Unarmed           |     7 |       |       |       ||     7
         Dagger            |     2 |       |     2 |    16 ||    20
   Cast: Sandblast         |    45 |    31 |   144 |   202 ||   422
         Stone Arrow       |       |     3 |    12 |    75 ||    90
         Starburst         |       |       |       |    25 ||    25
    Use: Scroll            |       |       |       |    14 ||    14
         Potion            |       |       |       |     4 ||     4
 Armour: Robe              |    22 |    21 |   106 |   216 ||   365
  Dodge: Dodged            |    20 |    16 |    74 |   193 ||   303

Table legend: (Time is in decaauts)
 A = Elapsed time spent in this place.
 B = Non-inter-level travel time spent in this place.
 C = Inter-level travel time spent in this place.
 D = Time resting spent in this place.
 E = Time spent auto-exploring this place.
 F = Levels seen in this place.
 G = Mean time per level.
                   A        B        C        D        E       F      G
               +--------+--------+--------+--------+--------+-----+--------+
         Total |  12290 |  11886 |    404 |   3128 |   6589 |  14 |  877.9 |
       Dungeon |  11913 |  11518 |    395 |   3110 |   6464 |  12 |  992.8 |
        Temple |     21 |     12 |      9 |      0 |      0 |   1 |   21.0 |
        Bailey |    355 |    355 |      0 |     18 |    125 |   1 |  355.0 |
               +--------+--------+--------+--------+--------+-----+--------+

Top non-repeatable levels by time:
    D:10: 1976 daAuts
     D:3: 1221 daAuts
     D:4: 1218 daAuts
     D:6: 1201 daAuts
     D:7: 1197 daAuts
     D:9: 1152 daAuts
    D:11: 997 daAuts
     D:8: 760 daAuts
     D:5: 736 daAuts
     D:2: 660 daAuts
     D:1: 646 daAuts
  Bailey: 355 daAuts
    D:14: 144 daAuts
  Temple: 21 daAuts
